cohdb
Replays
Latest Replays
All Replays
Popular Replays
Top Player Replays
Match Explorer
How It Works
Community
CoH3 Stats
Reddit
Sign in to upload your games and track your stats! →
Sign in with Steam
Match 41155461
Unlisted
Match 41155461
Overview
Messages
Build Orders
End
Construct Infanterie Kompanie
Grenadier Squad
Selects Terror Battlegroup
Grenadier Squad
Grenadier Squad
Grenadier Squad
Construct Panzergrenadier Kompanie
Selects Heavy Gunnery
251 Medium Carrier
Selects Contempt for the Weak
Forward Retreat Point
Medical Bunker
Support Elements
StuG III G Assault Gun
Nebelwerfer 42 Rocket Launcher Team
Uffz. Ral-go
MORDEN
鲨鱼辣椒
灌江口话事人
Gravey
ldn2333
Free Hongkong Free Tibet
Tharrats
0
0
Comments
sign in to comment!
No comments posted yet!